 Dungeon Crawl Stone Soup version 0.29-a0-830-gcb1280458a (webtiles) character file.

Game seed: 4043932832234492862

6414 jlumianski the Cleaver (level 10, -22/111 HPs)
             Began as a Demonspawn Fighter on July 11, 2022.
             Was an Initiate of Qazlal.
             Annihilated by a komodo dragon (26 damage)
             ... on level 9 of the Dungeon.
             The game lasted 00:44:02 (9407 turns).

jlumianski the Cleaver (Demonspawn Fighter)         Turns: 9407, Time: 00:44:03

Health: -22/111    AC: 17    Str: 20    XL:     10   Next: 66%
Magic:  15/18      EV: 13    Int: 20    God:    Qazlal [......]
Gold:   494        SH:  5    Dex: 13    Spells: 9/19 levels left

rFire   . . .      SeeInvis .   a - +1 war axe
rCold   . . .      Faith    .   c - +0 buckler
rNeg    . . .      Spirit   .   g - +4 robe of the Trout {rElec Int+4}
rPois   .          Reflect  .   (no helmet)
rElec   +          Harm     .   M - +0 cloak
rCorr   .          Rampage  .   C - +0 pair of gloves
Will    .....                   B - +2 pair of boots
Stlth   ..........              o - amulet of regeneration
HPRegen 1.08/turn               L - +6 ring of intelligence
MPRegen 0.16/turn               H - +4 ring of protection

@: berserking, very quick
A: claws 1, yellow scales 1, spiny 2
a: Renounce Religion


You were on level 9 of the Dungeon.
You worshipped Qazlal.
Qazlal was noncommittal.
You visited 2 branches of the dungeon, and saw 10 of its levels.

You collected 494 gold pieces.

Inventory:

Hand Weapons
 a - a +1 war axe (weapon)
 E - a +2 dire flail of venom
Missiles
 f - 68 stones
 i - 7 silver javelins
 p - 7 boomerangs
 q - 6 curare-tipped darts
 s - 2 javelins
 x - 14 poisoned darts (quivered)
Armour
 b - a +0 scale mail
 c - a +0 buckler (worn)
 g - the +4 robe of the Trout (worn) {rElec Int+4}
   (You found it on level 2 of the Dungeon)

   Int:       It affects your intelligence (+4).
   rElec:     It insulates you from electricity.
 t - a +0 chain mail
 y - a +1 ring mail of poison resistance
 B - a +2 pair of boots (worn)
 C - a +0 pair of gloves (worn)
 M - a +0 cloak (worn)
 Q - a +0 pair of boots
Magical Staves
 D - a staff of death
 K - a staff of conjuration
Jewellery
 j - a ring of willpower
 k - a ring of magical power
 o - an amulet of regeneration (around neck)
 A - an amulet of faith
 H - a +4 ring of protection (right hand)
 L - a +6 ring of intelligence (left hand)
Wands
 u - a wand of polymorph (4)
 w - a wand of flame (20)
 J - a wand of mindburst (32)
Scrolls
 m - a scroll of vulnerability {unknown}
 v - a scroll of magic mapping
 F - 5 scrolls of teleportation
 G - a scroll of acquirement {unknown}
 I - a scroll of blinking {unknown}
 O - a scroll of immolation
 P - a scroll of amnesia
Potions
 d - 5 potions of might
 e - 7 potions of curing
 l - a potion of resistance
 n - a potion of lignification
 r - a potion of heal wounds {unknown}
 z - a potion of attraction
 N - a potion of flight {unknown}


   Skills:
 + Level 5.3 Fighting
 + Level 8.5 Axes
 + Level 1.9 Throwing
 + Level 4.2 Armour
 + Level 4.2 Dodging
 + Level 3.0 Stealth
 + Level 4.6 Shields
 * Level 5.4 Spellcasting
 + Level 0.2 Conjurations
 + Level 1.2 Hexes
 + Level 5.5 Summonings
 * Level 3.7 Poison Magic
 + Level 1.2 Evocations


You had 9 spell levels left.
You knew the following spells:

 Your Spells              Type           Power      Damage    Failure   Level
a - Summon Small Mammal   Summ           100%       N/A       1%          1
b - Call Canine Familiar  Summ           27%        N/A       4%          3
c - Mephitic Cloud        Conj/Pois/Air  10%        N/A       24%         3
d - Summon Guardian Gole  Hex/Summ       19%        N/A       11%         3

Your spell library contained the following spells:

 Spells                   Type           Power      Damage    Failure   Level
 Beastly Appendage        Tmut           10%        N/A       14%         1
 Spider Form              Tmut/Pois      13%        N/A       19%         3
 Wereblood                Tmut           5%         N/A       22%         2
 Confusing Touch          Hex            10%        N/A       26%         3
 Ignite Poison            Fire/Tmut/Pois 10%        N/A       26%         3
 Anguish                  Hex/Necr       3%         N/A       73%         4
 Freezing Cloud           Conj/Ice/Air   2%         6-21      98%         5
 Enfeeble                 Hex            5%         N/A       100%        7
 Chain Lightning          Conj/Air       3%         3d4       100%        9
 Fire Storm               Conj/Fire      2%         8d1       100%        9
 Shatter                  Erth           2%         3d6*      100%        9


Dungeon Overview and Level Annotations

Branches:
Dungeon (9/15)             Temple (1/1) D:7
   Lair: D:8-11         Orc: D:9-12

Altars:
Ashenzari
Cheibriados
Dithmenos
Fedhas
Gozag
Hepliaklqana
Makhleb
Nemelex Xobeh
Okawaru
Qazlal
Ru
Sif Muna
Trog
Uskayaw
Vehumet
Wu Jian
Xom
Yredelemnul

Annotations:
D:3 2 transporters, xian's ghost, amateur DjWn


Innate Abilities, Weirdness & Mutations

You have sharp fingernails.
You are partially covered in yellow scales. (AC +2)
You are mostly covered in sharp spines.


Message History

The orc priest mumbles some strange prayers to Beogh against you.
Pain shoots through your body! The komodo dragon closely misses you.
An orc wizard comes into view. It is wielding a +0 dagger.
The orc priest mumbles some strange prayers to Beogh against you.
Beogh smites you!
You slash the orc priest!
You kill the orc priest!
Qazlal accepts your kill.
You hit the komodo dragon.
The komodo dragon is struck by your spines.
The komodo dragon bites you!!
The komodo dragon is struck by your spines.
The komodo dragon bites you!!
* * * LOW HITPOINT WARNING * * *
The orc wizard barely misses you.
The orc wizard hits your hound with a +0 dagger.
You barely miss the orc wizard. You slash the komodo dragon!
The komodo dragon bites you!
* * * LOW HITPOINT WARNING * * *
The orc wizard is struck by your spines.
The orc wizard barely misses you.
A red film seems to cover your vision as you go berserk!
You feel yourself moving faster!
You feel mighty!
Your hound completely misses the orc wizard.
The komodo dragon bites you.
* * * LOW HITPOINT WARNING * * *
You block the orc wizard's attack.
You closely miss the orc wizard.
The orc wizard is lightly wounded.
You hit the komodo dragon. The komodo dragon misses you.
Your hound bites the orc wizard.
The orc wizard hits your hound with a +0 dagger.
The orc wizard is struck by your spines.
The orc wizard barely misses you.
You slice the orc wizard!!
You kill the orc wizard!
Qazlal accepts your kill.
You slash the komodo dragon!
Your hound bites the orc wizard.
The komodo dragon bites you!!
You die...

..P ..
P.$....
.P...#.
P......
#P..!..
#......######
#P.P..#)..9.#
#...P.)@.o..#
.P....l..h.##
..P..##....#
.PP. #....#
P.. #....# ..
#....#
#.....#....##
#.....#.....#
#....##....##


You could see a komodo dragon, an orc wizard (confused, ally target), a friendly
guardian golem (summoned) and a friendly hound (summoned, sheltered, confused).

Vanquished Creatures
  Maggie (D:8)
  4 wyverns
  7 yaks
  Edmund (D:5)
  2 orc warriors
  3 ice beasts
  2 sky beasts
  4 black bears
  A centaur (D:8)
  A phantom (D:5)
  A wyvern zombie (D:5)
  6 bullfrogs
  2 necrophages (D:7)
  5 scorpions
  6 wights
  3 killer bees (D:8)
  2 nameless horrors
  A howler monkey (D:6)
  A bullfrog zombie (D:5)
  3 hounds
  2 jellies
  6 orc priests
  Ijyb (D:4)
  5 iguanas
  Natasha (thrice) (D:2)
  8 orc wizards
  3 gnolls
  6 adders
  2 white imps
  2 worms
  2 dart slugs (D:3)
  27 orcs
  9 endoplasms
  5 giant cockroaches
  8 goblins
  9 hobgoblins
  18 jackals
  5 quokkas
  11 ball pythons
  7 bats
  3 frilled lizards
  10 kobolds
  4 rats
212 creatures vanquished.

Vanquished Creatures (collateral kills)
  The ghost of snackwell the Transmogrifier, a novice MfTm of Hepliaklqana (D:8)
  Prince Ribbit (D:8)
  An ice beast (D:8)
  A wight (D:8)
  A gnoll bouda (D:7)
  An orc (D:8)
6 creatures vanquished.

Vanquished Creatures (others)
  16 fungi
  19 plants
35 creatures vanquished.

Grand Total: 253 creatures vanquished

Notes
Turn   | Place    | Note
-------+----------+-------------------------------------------
     0 | D:1      | jlumianski the Demonspawn Fighter began the quest for the
                  | Orb.
     0 | D:1      | Reached XP level 1. HP: 18/18 MP: 1/1
   289 | D:1      | Gained mutation: You are partially covered in sharp spines.
                  | [demonic ancestry]
   289 | D:1      | Reached XP level 2. HP: 17/24 MP: 2/2
   400 | D:2      | Reached skill level 2 in Axes
   486 | D:2      | Identified the +4 robe of the Trout {rElec Int+4}
   525 | D:2      | Noticed Natasha
   536 | D:1      | Reached XP level 3. HP: 29/29 MP: 3/3
   643 | D:1      | Found a faded altar of an unknown god.
   957 | D:2      | Reached skill level 3 in Axes
   957 | D:2      | Gained mutation: You are partially covered in yellow
                  | scales. (AC +2) [demonic ancestry]
   957 | D:2      | Reached XP level 4. HP: 17/35 MP: 4/4
  2196 | D:3      | Reached XP level 5. HP: 41/41 MP: 5/5
  2288 | D:2      | Killed Natasha
  2289 | D:2      | Reached skill level 1 in Dodging
  2430 | D:2      | Noticed Natasha
  2433 | D:2      | Killed Natasha
  2595 | D:2      | Noticed Natasha
  2599 | D:2      | Killed Natasha
  2768 | D:3      | Reached skill level 1 in Stealth
  2916 | D:3      | Found a transporter.
  2916 | D:3      | Found a transporter.
  2916 | D:3      | Noticed xian's ghost (amateur DjWn)
  2926 | D:3      | Reached XP level 6. HP: 44/47 MP: 6/6
  3253 | D:3      | Reached skill level 4 in Axes
  3843 | D:4      | Reached skill level 1 in Throwing
  3986 | D:5      | Entered Level 5 of the Dungeon
  4019 | D:5      | Reached XP level 7. HP: 53/53 MP: 7/7
  4192 | D:4      | Noticed Ijyb
  4199 | D:4      | Reached skill level 5 in Axes
  4210 | D:4      | Killed Ijyb
  4220 | D:4      | Found a sparkling altar of Nemelex Xobeh.
  4920 | D:5      | Learned a level 1 spell: Summon Small Mammal
  4960 | D:5      | Reached skill level 1 in Evocations
  4967 | D:5      | Gained mutation: You are mostly covered in sharp spines.
                  | [demonic ancestry]
  4967 | D:5      | Reached XP level 8. HP: 53/60 MP: 8/8
  4976 | D:5      | Found a basalt altar of Yredelemnul.
  5514 | D:5      | Reached skill level 1 in Summonings
  5654 | D:5      | Noticed Edmund
  5665 | D:5      | Killed Edmund
  5666 | D:5      | Reached skill level 6 in Axes
  5899 | D:6      | Reached skill level 1 in Spellcasting
  5975 | D:6      | Found a blossoming altar of Fedhas.
  6333 | D:6      | Gained mutation: You have sharp fingernails. [demonic
                  | ancestry]
  6333 | D:6      | Reached XP level 9. HP: 66/66 MP: 10/12
  6337 | D:6      | Learned a level 3 spell: Call Canine Familiar
  6425 | D:6      | Reached skill level 7 in Axes
  6874 | D:8      | Noticed Prince Ribbit
  6887 | D:8      | Killed Prince Ribbit
  6974 | D:7      | Found a shimmering blue altar of Sif Muna.
  6996 | D:7      | Reached skill level 5 in Fighting
  7205 | D:7      | Learned a level 3 spell: Mephitic Cloud
  7532 | D:7      | Found a staircase to the Ecumenical Temple.
  7687 | D:7      | Reached skill level 1 in Poison Magic
  7816 | D:8      | Noticed Maggie
  8009 | D:8      | Reached XP level 10. HP: 52/74 MP: 13/16
  8013 | D:8      | Reached skill level 8 in Axes
  8212 | D:8      | Reached skill level 5 in Summonings
  8234 | D:8      | Reached skill level 5 in Spellcasting
  8266 | D:8      | Found a runed translucent door.
  8267 | D:8      | Noticed snackwell's ghost (novice MfTm)
  8337 | D:8      | Found a hide-covered altar of Uskayaw.
  8344 | D:8      | Found an ornate altar of the Wu Jian Council.
  8376 | Temple   | Entered the Ecumenical Temple
  8481 | Temple   | Became a worshipper of Qazlal Stormbringer
  8510 | D:8      | Learned a level 3 spell: Summon Guardian Golem
  8843 | D:8      | Killed Maggie
  9169 | D:8      | Killed snackwell's ghost
  9172 | D:8      | Got the Folio of Ensorcelling
  9398 | D:9      | Reached skill level 1 in Hexes
  9405 | D:9      | HP: 2/111 [komodo dragon (5)]
  9407 | D:9      | Annihilated by a komodo dragon

Illustrated notes

Levels and vault maps discovered:
D:1:      saegor_arrival_simple_d, layout_basic,
          dreamdust_ecumenical_altar_angels_and_demons
D:2:      cheibrodos_pilgrimage, layout_basic, serial_bayou_lake_a, uniq_natasha
D:3:      layout_loops_ring, gammafunk_ghost_arena, minmay_door_square,
          minmay_diced_spiral
D:4:      layout_basic, mainiacjoe_overflow_brackets,
          kennysheep_generic_room_11, uniq_ijyb
D:5:      layout_basic, lemuel_zombie_altar_yredelemnul,
          kennysheep_generic_room_12, uniq_edmund
D:6:      layout_basic, mainiacjoe_overflow_chevrons,
          mainiacjoe_overflow_concentric_impassable, serial_aquarium,
          aquarium_bridge_square [aquarium_subvault_balcony,
          aquarium_subvault_bridge, aquarium_subvault_wall,
          aquarium_subvault_wall], aquarium_bridge_square
          [aquarium_subvault_bridge, aquarium_subvault_bridge,
          aquarium_subvault_bridge, aquarium_subvault_wall], aquarium_window_1,
          aquarium_window_2, aquarium_view_2c, aquarium_view_2a,
          aquarium_pool_four
D:7:      layout_rooms, led_sif_book, minmay_temple_entry_from_below_a,
          kennysheep_another_room, minmay_stone_trees_small
D:8:      layout_basic, mainiacjoe_overflow_big_doors, gammafunk_ghost_grave,
          uniq_maggie, uniq_prince_ribbit1
D:9:      layout_gridville, amcnicky_altar_gilded,
          grunt_lair_entry_orc_guard_hut, minmay_diamond_spiral
Temple:   eino_narrow_crystal_temple

Skill      XL: |  1  2  3  4  5  6  7  8  9 10 |
---------------+-------------------------------+-----
Shields        | 3 4 |  4.6
Axes           | 2 3 4 5 6 7 8 |  8.5
Armour         | 3 4 |  4.2
Dodging        | 1 2 3 4 |  4.2
Stealth        | 1 2 3 |  3.0
Throwing       | 1 |  1.9
Fighting       | 4 5 |  5.3
Evocations     | 1 |  1.2
Summonings     | 3 4 5 |  5.5
Spellcasting   | 2 4 5 |  5.4
Poison Magic   | 1 3 |  3.7
Hexes          | 1 |  1.2
Conjurations   | |  0.2

Action                   |  1- 3 |  4- 6 |  7- 9 | 10-12 || total
-------------------------+-------+-------+-------+-------++-------
Melee: War axe           |    77 |   126 |   247 |    87 ||   537
Throw: Stone             |       |     5 |       |       ||     5
       Javelin           |       |    11 |       |       ||    11
       Dart              |       |     6 |       |       ||     6
 Cast: Summon Small Mamm |       |       |    20 |     1 ||    21
       Call Canine Famil |       |       |    15 |    10 ||    25
       Summon Guardian G |       |       |       |     5 ||     5
       Mephitic Cloud    |       |       |       |     2 ||     2
Evoke: Wand              |       |       |     2 |       ||     2
  Use: Potion            |       |     2 |       |     2 ||     4
       Scroll            |       |     8 |     5 |       ||    13
 Stab: Sleeping          |       |     2 |       |       ||     2
       Distracted        |       |       |     2 |       ||     2
       Confused          |       |       |       |     1 ||     1
Armor: Scale mail        |    18 |       |       |       ||    18
       Robe              |    18 |    16 |    71 |    26 ||   131
       Chain mail        |       |    63 |    47 |       ||   110
Dodge: Dodged            |    49 |    47 |   141 |    53 ||   290
Block: Buckler           |    27 |    30 |    67 |    23 ||   147

Table legend: (Time is in decaauts)
 A = Elapsed time spent in this place.
 B = Non-inter-level travel time spent in this place.
 C = Inter-level travel time spent in this place.
 D = Time resting spent in this place.
 E = Time spent auto-exploring this place.
 F = Levels seen in this place.
 G = Mean time per level.
                   A        B        C        D        E       F      G
               +--------+--------+--------+--------+--------+-----+--------+
         Total |   9612 |   9431 |    181 |    338 |   5064 |  10 |  961.2 |
       Dungeon |   9491 |   9310 |    181 |    338 |   5019 |   9 | 1054.6 |
        Temple |    120 |    120 |      0 |      0 |     45 |   1 |  120.0 |
               +--------+--------+--------+--------+--------+-----+--------+

Top non-repeatable levels by time:
     D:2: 1421 daAuts
     D:8: 1359 daAuts
     D:1: 1272 daAuts
     D:4: 1242 daAuts
     D:5: 1082 daAuts
     D:6: 1065 daAuts
     D:3: 970 daAuts
     D:7: 933 daAuts
     D:9: 143 daAuts
  Temple: 120 daAuts
